 Dungeon Crawl Stone Soup version 0.29.1-12-g30fa7ad0bf (webtiles) character file.

Game seed: 7266857205329386597

74 FaviusArthum the Conjurer (level 4, -7/24 HPs)
             Began as a Deep Elf Conjurer on Jan 10, 2023.
             Killed by nerve-wracking pain
             ... invoked by Grinder
              (13 damage)
             ... on level 3 of the Dungeon.
             The game lasted 00:08:51 (3186 turns).

FaviusArthum the Conjurer (Deep Elf Conjurer)       Turns: 3186, Time: 00:08:52

Health: -7/24      AC:  5    Str:  4    XL:     4   Next: 9%
Magic:  4/11       EV: 12    Int: 25    God:
Gold:   76         SH:  0    Dex: 13    Spells: 7/10 levels left

rFire   . . .      SeeInvis .   h - +0 short sword
rCold   . . .      Faith    .   (no shield)
rNeg    . . .      Spirit   .   a - +0 robe
rPois   .          Reflect  .   o - +0 helmet
rElec   .          Harm     .   i - +1 cloak
rCorr   .          Rampage  .   (no gloves)
Will    .....                   (no boots)
Stlth   ++........              (no amulet)
HPRegen 0.08/turn               (no ring)
MPRegen 0.12/turn               (no ring)

@: no status effects
A: no striking features
a: no special abilities


You were on level 3 of the Dungeon.
You visited 1 branch of the dungeon, and saw 3 of its levels.

You collected 76 gold pieces.

Inventory:

Hand Weapons
 f - a +0 club
 h - a +0 short sword (weapon)
Armour
 a - a +0 robe (worn)
 i - a +1 cloak (worn)
 o - a +0 helmet (worn)
Wands
 r - a wand of quicksilver (4)
Scrolls
 d - a scroll of teleportation {unknown}
 e - a scroll of magic mapping {unknown}
 l - 2 scrolls of enchant weapon {unknown}
 n - a scroll of identify {unknown}
 p - a scroll of fog {unknown}
Potions
 b - a potion of magic
 c - 2 potions of might {unknown}
 g - a potion of mutation {unknown}
 j - 2 potions of degeneration {unknown}
 k - 2 potions of attraction {unknown}
 m - a potion of lignification {unknown}
 q - a potion of invisibility {unknown}
 s - a potion of heal wounds {unknown}


   Skills:
 + Level 2.6 Dodging
 + Level 2.6 Stealth
 + Level 3.6 Spellcasting
 + Level 5.8 Conjurations


You had 7 spell levels left.
You knew the following spells:

 Your Spells              Type           Power      Damage    Failure   Level
a - Magic Dart            Conj           100%       1d8       1%          1
b - Searing Ray           Conj           66%        2d6       1%          2

Your spell library contained the following spells:

 Spells                   Type           Power      Damage    Failure   Level
 Dazzling Flash           Conj/Hex       38%        N/A       9%          3
 Tukima's Dance           Hex            4%         N/A       28%         3
 Fulminant Prism          Conj/Hex       9%         3d7       28%         4
 Iskenderun's Mystic Bla  Conj/Tloc      19%        2d6       28%         4
 Passage of Golubria      Tloc           4%         N/A       67%         4
 Yara's Violent Unravell  Hex/Tmut       2%         3d3       95%         5


Dungeon Overview and Level Annotations

Branches:
Dungeon (3/15)

Altars:
Gozag
Uskayaw

Annotations:
D:2 1 runed translucent door, Crazy Yiuf
D:3 Grinder


Message History

Casting: Magic Dart (safe; 1% risk of failure)
Confirm with . or Enter, or press ? or * to list all spells.
Aiming: Searing Ray (safe; 1% risk of failure)
Press: ? - help, Shift-Dir - straight line, f/p - Grinder
Aim: Grinder (lightly wounded, 78% to hit)
The searing ray hits Grinder but does no damage.
Grinder is lightly wounded. (Press . to maintain the ray.)
You hit Grinder. Your punch misses Grinder.
Grinder is lightly wounded.
Grinder hits you.
Casting: Searing Ray (safe; 1% risk of failure)
Confirm with . or Enter, or press ? or * to list all spells.
Aiming: Searing Ray (safe; 1% risk of failure)
Press: ? - help, Shift-Dir - straight line, f/p - Grinder
Aim: Grinder (lightly wounded, 78% to hit)
The searing ray hits Grinder.
Grinder is moderately wounded. (Press . to maintain the ray.) Grinder hits you.
Grinder gestures at you. Pain shoots through your body!
Casting: Searing Ray (safe; 1% risk of failure)
Confirm with . or Enter, or press ? or * to list all spells.
Aiming: Magic Dart (safe; 1% risk of failure)
Press: ? - help, Shift-Dir - straight line, f/p - Grinder
Aim: Grinder (moderately wounded, 100% to hit)
The magic dart hits Grinder.
Grinder is moderately wounded.
Grinder gestures at you. You resist with significant effort.
Found a twisted war axe.
Grinder gestures at you. Pain shoots through your body!
* * * LOW HITPOINT WARNING * * *
Found 5 stones.
Grinder gestures at you. Pain shoots through your body!
Ouch! That really hurt!
You die...

.....# #.#.....
###......#### #.# ...
#....#.#....####### ###
... #...##............##
###.....#............##
#...#.#......)........##
#.#.....................
#...#.#................(
..#.............@.....#
#......#..........).....
######.##..5.........#.#
#..................
##########....##.##
####.# # ... ...


You could see Grinder.

Vanquished Creatures
  3 adders (D:2)
  2 worms
  3 dart slugs
  An orc (D:2)
  4 ball pythons (D:2)
  2 giant cockroaches
  A goblin (D:2)
  2 hobgoblins
  2 jackals (D:3)
  2 quokkas
  4 bats
  3 frilled lizards
  6 kobolds
  A rat (D:1)
36 creatures vanquished.

Notes
Turn   | Place    | Note
-------+----------+-------------------------------------------
     0 | D:1      | FaviusArthum the Deep Elf Conjurer began the quest for the
                  | Orb.
     0 | D:1      | Reached XP level 1. HP: 10/10 MP: 6/6
   331 | D:1      | Reached XP level 2. HP: 15/15 MP: 5/8
   334 | D:1      | Learned a level 2 spell: Searing Ray
   483 | D:1      | Found a faded altar of an unknown god.
   544 | D:1      | Reached skill level 5 in Conjurations
   565 | D:1      | You fall into a shaft and drop 1 floor!
   991 | D:2      | Reached XP level 3. HP: 19/19 MP: 5/9
  1689 | D:2      | Found a runed translucent door.
  1690 | D:2      | Noticed Crazy Yiuf
  2576 | D:3      | Found a hide-covered altar of Uskayaw.
  2588 | D:3      | Reached XP level 4. HP: 24/24 MP: 2/11
  3083 | D:3      | Found an opulent altar of Gozag.
  3136 | D:3      | Noticed Grinder
  3164 | D:3      | Paralysed by Grinder for 4 turns
  3186 | D:3      | Killed from afar by Grinder

Illustrated notes

Levels and vault maps discovered:
D:1:      dpeg_arrival_connections, layout_basic,
          shapermc_ecumenical_altar_starsandcircs, serial_forest,
          infiniplex_forest_clump_small, infiniplex_forest_end_2,
          infiniplex_forest_lined_3, infiniplex_forest_lined_2,
          infiniplex_forest_corner_2, minmay_3d_cube
D:2:      layout_loops_cross, kennysheep_generic_room_3, uniq_crazy_yiuf_cottage
D:3:      kennysheep_the_goblin_king, layout_rooms,
          mainiacjoe_overflow_six_doors_small, grunt_gozag_statues,
          mainiacjoe_overflow_concentric_impassable, serial_glass,
          glass_columns_a, glass_columns_c, minmay_fractal_squares_gapless_5,
          uniq_grinder

Skill      XL: |  1  2 |
---------------+-------+-----
Conjurations   | 5 |  5.8
Dodging        | |  2.6
Stealth        | |  2.6
Spellcasting   | |  3.6

Action                   |  1- 3 |  4- 6 || total
-------------------------+-------+-------++-------
Melee: Short sword       |     3 |     1 ||     4
 Cast: Magic Dart        |    52 |     7 ||    59
       Searing Ray       |    20 |     5 ||    25
Evoke: Wand              |       |     1 ||     1
Armor: Robe              |     3 |       ||     3
Dodge: Dodged            |     9 |       ||     9
